[Event "FIDE World Rapid Chess Championship 2021"]
[White "Klimkowski, Jan"]
[Black "Krasenkow, Michal"]
[WhiteFideId "21856222"]
[BlackFideId "1113100"]
[WhiteElo "2211"]
[BlackElo "2430"]
[Result "1-0"]
[Round "10"]
[TimeControl "900+10"]
[Date "2021.12.28"]
[WhiteClock "0:00:47"]
[BlackClock "0:00:00"]

1. e4 g6 2. d4 Bg7 3. Nc3 d6 4. Be3 a6 5. Qd2 b5 6. O-O-O Bb7 7. f3 Nd7 8. Kb1 c5 9. h4 cxd4 10. Bxd4 Bxd4 11. Qxd4 Ngf6 12. h5 g5 13. Nge2 Qb6 14. Qd2 h6 15. Nd4 Nc5 16. Nf5 b4 17. Nd5 Bxd5 18. exd5 Nfd7 19. g3 Ne5 20. Qd4 Ncd7 21. f4 Qxd4 22. Rxd4 Nf3 23. Rd3 g4 24. Re3 Nb6 25. Rxe7+ Kf8 26. Rb7 Nxd5 27. Kc1 Rc8 28. Nxd6 Rc7 29. Rb8+ Kg7 30. Nf5+ Kh7 31. Rxh8+ Kxh8 32. Bd3 a5 33. Rd1 Nf6 34. Nxh6 a4 35. Nf5 b3 36. axb3 axb3 37. Kb1 Kg8 38. cxb3 Nxh5 39. Bc2 f6 40. b4 Kf7 41. b5 Ng7 42. b6 1-0


[Site "http://www.Chess.com"]

[Event "FIDE World Rapid Chess Championship 2021"]
[White "Kolosowski, Mateusz"]
[Black "Lima, Darcy"]
[WhiteFideId "1129708"]
[BlackFideId "2100045"]
[WhiteElo "2371"]
[BlackElo "2505"]
[Result "0-1"]
[Round "10"]
[TimeControl "900+10"]
[Date "2021.12.28"]
[WhiteClock "0:00:31"]
[BlackClock "0:03:05"]

1. e4 Nf6 2. e5 Nd5 3. d4 d6 4. Nf3 Bg4 5. Be2 c6 6. O-O Bxf3 7. Bxf3 dxe5 8. dxe5 e6 9. Qe2 Nd7 10. b3 Qc7 11. Bb2 Nf4 12. Qe4 Ng6 13. Re1 Rd8 14. g3 a5 15. a3 Be7 16. Ra2 O-O 17. Bh5 Bc5 18. b4 Ba7 19. c4 Ne7 20. Nd2 Nc5 21. Qe2 Nd3 22. c5 Nxe1 23. Qxe1 b6 24. Ne4 bxc5 25. bxc5 Rd5 26. Qe3 Nf5 27. Qf4 f6 28. Bc3 fxe5 29. Qg5 Qe7 30. Qc1 Bxc5 31. Bxa5 Bd4 32. Bb4 c5 33. Be1 Nd6 34. Qb1 Qb7 35. Qxb7 Nxb7 36. Bg4 Nd8 37. Rc2 Rf7 38. Ba5 Re7 39. Bf3 Nb7 40. Be1 Rd8 41. a4 Ra8 42. a5 Ra7 43. Ra2 c4 44. Bb4 Rc7 45. a6 Nc5 46. Bxc5 Bxc5 47. Be2 Bd4 48. Nd6 Rc6 49. Nxc4 Rcxa6 50. Rxa6 Rxa6 51. Kg2 Ra2 52. Kf1 e4 53. Nd6 e3 54. fxe3 Bxe3 55. h4 Kf8 56. Ne4 Ke7 57. Bc4 Rb2 58. Bd3 h6 59. h5 Kd7 60. Bc4 Rh2 61. Be2 Kc6 62. Bg4 Kd5 63. Bf3 Kd4 64. Ke1 Kd3 65. Kf1 Ra2 66. g4 Rb2 0-1


[Site "http://www.Chess.com"]

[Event "FIDE World Rapid Chess Championship 2021"]
[White "Sadzikowski, Daniel"]
[Black "Gajewski, Grzegorz"]
[WhiteFideId "1132253"]
[BlackFideId "1116207"]
[WhiteElo "2414"]
[BlackElo "2496"]
[Result "1/2-1/2"]
[Round "10"]
[TimeControl "900+10"]
[Date "2021.12.28"]
[WhiteClock "0:00:00"]
[BlackClock "0:00:51"]

1. Nf3 d5 2. g3 Nf6 3. Bg2 c5 4. O-O g6 5. c4 Bg7 6. cxd5 Nxd5 7. Nc3 O-O 8. Nxd5 Qxd5 9. d3 Nc6 10. Be3 Bd7 11. d4 cxd4 12. Nxd4 Qa5 13. Nxc6 Bxc6 14. Bxc6 bxc6 15. Qc2 Rab8 16. Rfb1 Rfd8 17. a3 a6 18. Ra2 Qd5 19. b4 h5 20. h4 Qe6 21. Qb3 Rd5 22. Rd2 Rbd8 23. Rxd5 cxd5 24. Rc1 Qg4 25. Qd3 d4 26. Bg5 Qe6 27. a4 Be5 28. b5 axb5 29. axb5 Rb8 30. Rb1 Kg7 31. Qe4 f5 32. Qd3 Kf7 33. Bf4 Bxf4 34. gxf4 Qf6 35. Qc4+ Kg7 36. Rb4 Rd8 37. b6 Qxh4 38. b7 Qxf4 39. Qc8 Qg4+ 40. Kf1 Qh3+ 41. Kg1 Qg4+ 42. Kf1 Qh3+ 43. Kg1 Qg4+ 1/2-1/2


[Site "http://www.Chess.com"]

[Event "FIDE World Rapid Chess Championship 2021"]
[White "Kanarek, Marcel"]
[Black "Carlsson, Pontus"]
[WhiteFideId "1126822"]
[BlackFideId "1705814"]
[WhiteElo "2296"]
[BlackElo "2436"]
[Result "1/2-1/2"]
[Round "10"]
[TimeControl "900+10"]
[Date "2021.12.28"]
[WhiteClock "0:02:27"]
[BlackClock "0:08:39"]

1. e4 c5 2. Nf3 d6 3. d4 Nf6 4. Nc3 cxd4 5. Nxd4 g6 6. Be3 Bg7 7. f3 O-O 8. Qd2 Nc6 9. O-O-O Bd7 10. Kb1 Rc8 11. h4 Ne5 12. g4 Qa5 13. h5 Nxf3 14. Nxf3 Rxc3 15. Qxc3 Qxc3 16. bxc3 Bxg4 17. Bg2 Nxe4 18. Rde1 Nxc3+ 19. Kc1 Nxa2+ 20. Kb1 Nc3+ 21. Kc1 Na2+ 22. Kb1 Nc3+ 1/2-1/2


[Site "http://www.Chess.com"]

[Event "FIDE World Rapid Chess Championship 2021"]
[White "Aziz, Husain"]
[Black "Blohberger, Felix"]
[WhiteFideId "12100293"]
[BlackFideId "1632051"]
[WhiteElo "2430"]
[BlackElo "2409"]
[Result "0-1"]
[Round "10"]
[TimeControl "900+10"]
[Date "2021.12.28"]
[WhiteClock "0:01:00"]
[BlackClock "0:00:51"]

1. e4 c5 2. Nf3 d6 3. Bb5+ Bd7 4. Bxd7+ Nxd7 5. O-O Ngf6 6. Qe2 e6 7. c3 Be7 8. d4 O-O 9. Rd1 cxd4 10. cxd4 Rc8 11. Nc3 Nb6 12. a4 a6 13. a5 Nc4 14. e5 Nd5 15. Nxd5 exd5 16. Qe1 b6 17. axb6 Qxb6 18. e6 Bf6 19. Bg5 Rfe8 20. Bxf6 Rxe6 21. Qc3 Qb7 22. Rdc1 Rxf6 23. b3 Nb6 24. Qb4 Rxc1+ 25. Rxc1 h6 26. h3 Re6 27. Nh2 Kh7 28. Ng4 h5 29. Ne3 g6 30. Nf1 Kg7 31. Nd2 Qb8 32. Rc6 Nd7 33. Qxb8 Nxb8 34. Rb6 Nd7 35. Rxa6 Re1+ 36. Kh2 Re2 37. Rxd6 Nf6 38. Nf3 Rxf2 39. Ne5 Rd2 40. Nf3 Rb2 41. Rb6 Ne4 42. Rb5 g5 43. Rxd5 f6 44. Rd7+ Kg6 45. Re7 Nc3 46. Re3 Nd5 47. Rd3 g4 48. hxg4 hxg4 49. Rd2 Rxb3 50. Nh4+ Kg5 51. g3 f5 52. Ng2 Nf6 53. d5 Ne4 54. Rd4 Nxg3 55. d6 Ne2 56. d7 Rh3# 0-1


[Site "http://www.Chess.com"]

[Event "FIDE World Rapid Chess Championship 2021"]
[White "Petrovskyi, Vadym"]
[Black "Nevednichy, Vladislav"]
[WhiteFideId "14165210"]
[BlackFideId "1205730"]
[WhiteElo "2282"]
[BlackElo "2425"]
[Result "1/2-1/2"]
[Round "10"]
[TimeControl "900+10"]
[Date "2021.12.28"]
[WhiteClock "0:00:45"]
[BlackClock "0:00:39"]

1. e4 c5 2. Nf3 d6 3. d4 cxd4 4. Nxd4 Nf6 5. Nc3 Nc6 6. Bg5 e6 7. Qd2 a6 8. O-O-O Bd7 9. f4 h6 10. Bh4 g5 11. fxg5 Ng4 12. Nf3 hxg5 13. Bg3 Be7 14. Kb1 Nge5 15. Be2 b5 16. a3 Rb8 17. Rhe1 f6 18. h4 gxh4 19. Nxh4 b4 20. axb4 Rxb4 21. Rh1 Qb6 22. Nf5 Rxb2+ 23. Kc1 Rxh1 24. Rxh1 Kd8 25. Rh8+ Kc7 26. Ne3 Nb4 27. Kd1 Ba4 28. Bf2 Bxc2+ 29. Qxc2 Rxc2 30. Ned5+ exd5 31. Bxb6+ Kxb6 32. Nxd5+ Nxd5 33. Kxc2 Ne3+ 34. Kd2 Nxg2 35. Rb8+ Kc5 36. Bxa6 Nh4 37. Re8 Nhg6 38. Ke3 d5 39. exd5 Kxd5 40. Bb7+ Ke6 41. Rc8 Nh4 42. Ra8 Nf5+ 43. Kf4 Nd3+ 44. Kg4 Nd6 45. Ba6 f5+ 46. Kg3 Ne5 47. Be2 Ne4+ 48. Kg2 Kf6 49. Ra6+ Kg5 50. Re6 Bf6 51. Bd1 Nd3 52. Re8 Kf4 53. Bh5 Ke3 54. Bd1 Nf4+ 55. Kf1 Bd4 56. Bc2 Nd3 57. Rf8 Nb4 58. Ba4 f4 59. Re8 f3 60. Bd1 Nd3 61. Rxe4+ Kxe4 62. Bxf3+ Kxf3 1/2-1/2


[Site "http://www.Chess.com"]

[Event "FIDE World Rapid Chess Championship 2021"]
[White "Dvirnyy, Danyyil"]
[Black "Blanco Acevedo, Cristobal Jose"]
[WhiteFideId "817570"]
[BlackFideId "3900525"]
[WhiteElo "2550"]
[BlackElo "2289"]
[Result "1-0"]
[Round "10"]
[TimeControl "900+10"]
[Date "2021.12.28"]
[WhiteClock "0:01:13"]
[BlackClock "0:00:08"]

1. e4 c5 2. Nf3 Nc6 3. Nc3 e5 4. Bc4 Be7 5. d3 h6 6. Nd2 Nf6 7. Nf1 d6 8. Ne3 O-O 9. h4 Na5 10. g4 Nxc4 11. dxc4 Nh7 12. Ng2 Be6 13. Qe2 Qd7 14. f3 a6 15. a4 Nf6 16. Ne3 g6 17. h5 g5 18. a5 Bd8 19. Bd2 b5 20. axb6 Bxb6 21. O-O Rfb8 22. Ra3 Bd8 23. b3 Ne8 24. Rfa1 Qb7 25. Qd3 Qc6 26. Ncd5 Kh7 27. Ba5 Bxa5 28. Rxa5 Nc7 29. Nxc7 Qxc7 30. Rxa6 Rxa6 31. Rxa6 Rd8 32. Qc3 Kg7 33. Qd2 Rd7 34. Nd1 Qd8 35. Nc3 Qf6 36. Kg2 Rd8 37. Nb5 Bc8 38. Rxd6 Rxd6 39. Nxd6 Bd7 40. c3 Kf8 41. b4 Qd8 42. Nb7 Qc7 43. Nxc5 Bc8 44. Qd5 Kg7 45. Nd3 f6 46. c5 Qa7 47. b5 Qa1 48. Qc6 Qa2+ 49. Nf2 Be6 50. b6 Bc4 51. Qd7+ Kh8 52. b7 Qb1 53. Nd1 Bg8 54. c6 Qc2+ 55. Nf2 f5 56. b8=Q 1-0


[Site "http://www.Chess.com"]

[Event "FIDE World Rapid Chess Championship 2021"]
[White "Dragnev, Valentin"]
[Black "Lopusiewicz, Piotr"]
[WhiteFideId "1634852"]
[BlackFideId "1116029"]
[WhiteElo "2409"]
[BlackElo "2197"]
[Result "1-0"]
[Round "10"]
[TimeControl "900+10"]
[Date "2021.12.28"]
[WhiteClock "0:01:50"]
[BlackClock "0:00:18"]

1. e4 e5 2. Nf3 Nc6 3. Bb5 a6 4. Ba4 Nf6 5. O-O Be7 6. d3 b5 7. Bb3 d6 8. c3 O-O 9. a4 Bd7 10. Bc2 Re8 11. Re1 h6 12. Nbd2 Bf8 13. Nf1 Rb8 14. Ng3 g6 15. Bd2 Bg7 16. h3 b4 17. a5 Qc8 18. Qc1 Kh7 19. h4 h5 20. Bb3 Kg8 21. Ng5 Re7 22. Bc4 bxc3 23. bxc3 Nd8 24. Qc2 Bb5 25. Ba2 Qg4 26. Rab1 Qd7 27. d4 Rc8 28. f3 c5 29. dxe5 dxe5 30. Qc1 Bd3 31. Rb6 Rc6 32. Be3 c4 33. Qa3 Bf8 34. Qb2 Qc7 35. Nh3 Nd7 36. Rxc6 Nxc6 37. Nf2 Nxa5 38. Bg5 Re6 39. Nxd3 cxd3 40. Bxe6 fxe6 41. Qd2 Nc5 42. Nh1 Nc4 43. Qa2 Nd7 44. Rd1 Bc5+ 45. Kh2 Qd6 46. Qxc4 1-0


[Site "http://www.Chess.com"]

[Event "FIDE World Rapid Chess Championship 2021"]
[White "Aditya, Mittal"]
[Black "Kuzmicz, Krystian"]
[WhiteFideId "35042025"]
[BlackFideId "1119125"]
[WhiteElo "1488"]
[BlackElo "2314"]
[Result "1/2-1/2"]
[Round "10"]
[TimeControl "900+10"]
[Date "2021.12.28"]
[WhiteClock "0:01:15"]
[BlackClock "0:02:13"]

1. d4 Nf6 2. c4 d6 3. Nc3 Bf5 4. g3 c6 5. Bg2 h6 6. e4 Bh7 7. Nge2 Nbd7 8. O-O e5 9. f3 Be7 10. Be3 O-O 11. d5 Ne8 12. b4 f5 13. exf5 Bxf5 14. dxc6 bxc6 15. f4 exf4 16. gxf4 Nb6 17. Nd4 Rc8 18. c5 Nc4 19. Qb3 d5 20. Nxc6 Rxc6 21. Bxd5+ Kh8 22. Qxc4 Rg6+ 23. Kh1 Nf6 24. Bf3 Bd3 25. Qd4 Bxf1 26. Rxf1 Qc8 27. Rg1 Rxg1+ 28. Bxg1 Rd8 29. Qe3 Bf8 30. Nb5 Qb8 31. Nd4 Re8 32. Qd2 Ne4 33. Qc1 Qxb4 34. Nc6 Qd2 35. Qxd2 Nxd2 36. Bd5 Re1 37. Kg2 Rc1 38. Ne5 Bxc5 39. Bxc5 Rxc5 40. Ng6+ Kh7 41. Nf8+ 1/2-1/2


[Site "http://www.Chess.com"]

[Event "FIDE World Rapid Chess Championship 2021"]
[White "Nasuta, Grzegorz"]
[Black "Tologontegin, Semetey"]
[WhiteFideId "1141686"]
[BlackFideId "13800574"]
[WhiteElo "2345"]
[BlackElo "2300"]
[Result "1-0"]
[Round "10"]
[TimeControl "900+10"]
[Date "2021.12.28"]
[WhiteClock "0:01:43"]
[BlackClock "0:01:10"]

1. e4 c5 2. Nf3 d6 3. d4 cxd4 4. Nxd4 Nf6 5. Nc3 g6 6. Be3 Bg7 7. f3 O-O 8. Qd2 Nc6 9. O-O-O d5 10. Nxc6 bxc6 11. Bh6 Qa5 12. Bxg7 Kxg7 13. g4 dxe4 14. Nxe4 Qxa2 15. Qc3 Kg8 16. Nxf6+ exf6 17. Bc4 Qa4 18. b3 Qa3+ 19. Kb1 Ba6 20. Bxa6 Qxa6 21. Qxf6 Qb7 22. h4 Rae8 23. Rhe1 c5 24. h5 Qb6 25. Qc3 Qb4 26. Kb2 Rxe1 27. Rxe1 Rd8 28. h6 Qxc3+ 29. Kxc3 Kf8 30. Re5 Rd4 31. Rxc5 Rf4 32. Rc8+ Ke7 33. Rh8 Rxf3+ 34. Kd2 Rg3 35. Rxh7 Rxg4 36. Rh8 Rh4 37. c4 a5 38. c5 Kd7 39. h7 g5 40. Ke3 Kc7 41. Kf3 Rf4+ 42. Kg3 Rh4 43. c6 Rh1 44. Kg4 Rg1+ 45. Kf5 Rh1 46. Kxg5 Rh2 47. Kf6 Rf2+ 48. Kg7 Rg2+ 49. Kxf7 Rf2+ 50. Kg6 Rg2+ 51. Kf5 Rf2+ 52. Ke4 Re2+ 53. Kd3 Rh2 54. Ra8 Rh3+ 55. Kc2 1-0


[Site "http://www.Chess.com"]

[Event "FIDE World Rapid Chess Championship 2021"]
[White "Toczek, Grzegorz"]
[Black "Yunusov, Mukhammad"]
[WhiteFideId "1106457"]
[BlackFideId "14700930"]
[WhiteElo "2220"]
[BlackElo "1832"]
[Result "1-0"]
[Round "10"]
[TimeControl "900+10"]
[Date "2021.12.28"]
[WhiteClock "0:06:26"]
[BlackClock "0:00:13"]

1. e4 c5 2. Nf3 d6 3. d4 cxd4 4. Nxd4 Nf6 5. Nc3 Nc6 6. Bg5 Bd7 7. Qd2 Rc8 8. f4 Nxd4 9. Qxd4 Qa5 10. e5 Ng4 11. exd6 Qc5 12. Qxc5 Rxc5 13. dxe7 Bxe7 14. Bxe7 Kxe7 15. Bd3 Bf5 16. Bxf5 Rxf5 17. O-O Rc8 18. Rad1 Kf8 19. Rd4 Ne3 20. Rf2 b5 21. Rf1 Kg8 22. Rf2 Kf8 23. Re2 Nc4 24. b3 Nb6 1-0


[Site "http://www.Chess.com"]

[Event "FIDE World Rapid Chess Championship 2021"]
[White "Caruana, Fabiano"]
[Black "Duda, Jan-Krzysztof"]
[WhiteFideId "2020009"]
[BlackFideId "1170546"]
[WhiteElo "2770"]
[BlackElo "2801"]
[Result "1/2-1/2"]
[Round "11"]
[TimeControl "900+10"]
[Date "2021.12.28"]
[WhiteClock "0:02:55"]
[BlackClock "0:01:00"]

1. c4 e6 2. Nc3 Nf6 3. d4 Bb4 4. Qc2 O-O 5. e4 d5 6. e5 Ne4 7. Bd3 c5 8. Nf3 cxd4 9. Nxd4 Nd7 10. Bf4 Ndc5 11. O-O Bxc3 12. bxc3 Nxd3 13. Qxd3 b6 14. cxd5 Qxd5 15. c4 Nc5 16. Qc3 Qe4 17. Bg3 Qd3 18. Qxd3 Nxd3 19. Nb5 Bd7 20. Nd6 Ba4 21. f4 f6 22. Rf3 Nc5 23. exf6 Rxf6 24. Bh4 Rg6 25. Re3 Bc6 26. g3 Rf8 27. Rf1 e5 28. fxe5 Rxf1+ 29. Kxf1 Re6 30. g4 Ne4 31. Nxe4 Rxe5 32. Nf6+ gxf6 33. Rxe5 fxe5 34. Kf2 Bd7 35. Bg3 Bxg4 36. Bxe5 Be6 37. Bb8 Bxc4 38. Bxa7 Bxa2 39. Bxb6 Kf7 1/2-1/2


[Site "http://www.Chess.com"]

[Event "FIDE World Rapid Chess Championship 2021"]
[White "Nakamura, Hikaru"]
[Black "Hovhannisyan, Robert"]
[WhiteFideId "2016192"]
[BlackFideId "13302507"]
[WhiteElo "2836"]
[BlackElo "2613"]
[Result "1-0"]
[Round "11"]
[TimeControl "900+10"]
[Date "2021.12.28"]
[WhiteClock "0:01:39"]
[BlackClock "0:00:46"]

1. Nf3 d5 2. g3 g6 3. Bg2 Bg7 4. d4 Nf6 5. c4 dxc4 6. O-O O-O 7. Na3 c5 8. Nxc4 Be6 9. Nce5 Nbd7 10. Ng5 cxd4 11. Nxe6 fxe6 12. Nf3 e5 13. Qb3+ Kh8 14. Ng5 Qb6 15. Qxb6 axb6 16. Ne6 Rfb8 17. Bd2 Nc5 18. Nc7 Ra7 19. Rfc1 Nfe4 20. Be1 Nd6 21. Nd5 e4 22. Nxb6 Na4 23. Nxa4 Rxa4 24. b3 Ra6 25. a4 b5 26. Ra2 bxa4 27. bxa4 Bf6 28. a5 Kg7 29. Bf1 Rb3 30. Rd1 Nb5 31. Bg2 Nc3 32. Bxc3 dxc3 33. Bxe4 Rb2 34. Rxb2 cxb2 35. Rd7 Rxa5 36. Rb7 Kf7 37. e3 h5 38. h4 Ra4 39. Bd3 Bc3 40. Rb6 e6 41. Kg2 Rb4 42. Rc6 Be5 43. Bb1 Rb7 44. f4 Bf6 45. Kf3 Bg7 46. Ke2 Bf6 47. Ra6 Bg7 48. Ra3 Bf6 49. Rd3 Bg7 50. Rd8 Bf6 51. Rc8 Bg7 52. Kd2 Bf6 53. Kc2 Ra7 54. Rb8 Rc7+ 55. Kd2 Rc1 56. Rb7+ Kg8 57. Bxg6 Rg1 58. Ke2 Bxh4 59. Bh7+ Kh8 60. gxh4 Rh1 61. Bc2 Rxh4 62. Rxb2 Rh2+ 63. Kf3 h4 64. Rb8+ Kg7 65. Be4 Rh3+ 66. Ke2 Rh2+ 67. Kd3 h3 68. Rb7+ Kf6 69. Rh7 e5 70. fxe5+ Kxe5 71. Bc6 Kf6 72. Bd7 Rh1 73. Bxh3 Kg5 74. Bf5 1-0


[Site "http://www.Chess.com"]

[Event "FIDE World Rapid Chess Championship 2021"]
[White "Grischuk, Alexander"]
[Black "Alekseenko, Kirill"]
[WhiteFideId "4126025"]
[BlackFideId "4135539"]
[WhiteElo "2763"]
[BlackElo "2637"]
[Result "1-0"]
[Round "11"]
[TimeControl "900+10"]
[Date "2021.12.28"]
[WhiteClock "0:00:34"]
[BlackClock "0:00:23"]

1. c4 e5 2. g3 c6 3. d4 exd4 4. Qxd4 Nf6 5. Bg2 Na6 6. Nf3 Bc5 7. Qe5+ Be7 8. O-O O-O 9. Nc3 Re8 10. Rd1 Bb4 11. Qf4 d6 12. Nd4 Nc5 13. Bd2 Ne6 14. Nxe6 Bxe6 15. Be1 Nh5 16. Qf3 Nf6 17. Qf4 Nh5 18. Qd4 Nf6 19. a3 Bc5 20. Qf4 Nh5 21. Qf3 Nf6 22. Qf4 Nh5 23. Qf3 Nf6 24. b4 Bb6 25. c5 Bc7 26. cxd6 Bxd6 27. b5 Rc8 28. bxc6 bxc6 29. Qd3 Be5 30. Qxd8 Rexd8 31. Rxd8+ Rxd8 32. Rc1 c5 33. Na4 c4 34. Nc5 Bb2 35. Nxe6 fxe6 36. Rxc4 Rd1 37. Kf1 Bxa3 38. e3 Rb1 39. Ke2 Rb2+ 40. Kd3 Rb3+ 41. Rc3 Rxc3+ 42. Bxc3 Bc5 43. h3 Kf7 44. f4 Nd5 45. Bd2 Bb6 46. Bf3 Ne7 47. Bd1 Nd5 48. Bb3 g6 49. g4 Bc7 50. f5 gxf5 51. gxf5 Kf6 52. fxe6 Ne7 53. Ke4 Ng6 54. Bc3+ Ke7 55. Kf5 Nh4+ 56. Kg5 Nf3+ 57. Kg4 Ne5+ 58. Kf5 Ng6 59. Bb4+ Bd6 60. Bxd6+ Kxd6 61. Kf6 a5 62. e4 Ne5 63. Ba4 Ng6 64. h4 1-0


[Site "http://www.Chess.com"]

[Event "FIDE World Rapid Chess Championship 2021"]
[White "Aronian, Levon"]
[Black "Mitrabha, Guha"]
[WhiteFideId "13300474"]
[BlackFideId "5057000"]
[WhiteElo "2728"]
[BlackElo "2107"]
[Result "1-0"]
[Round "11"]
[TimeControl "900+10"]
[Date "2021.12.28"]
[WhiteClock "0:05:19"]
[BlackClock "0:01:02"]

1. e4 c6 2. d4 d5 3. exd5 cxd5 4. Bd3 Nc6 5. c3 Nf6 6. Bf4 Bg4 7. Qb3 Qd7 8. Nd2 e6 9. Ngf3 Bd6 10. Bxd6 Qxd6 11. O-O O-O 12. Rfe1 Bxf3 13. Nxf3 Qc7 14. a4 g6 15. g3 Rab8 16. Kg2 a6 17. Qd1 b5 18. b4 Ne7 19. Rc1 Nc8 20. axb5 axb5 21. Nd2 Nd6 22. Qf3 Kg7 23. Nb3 Nc4 24. Nc5 Rbe8 25. Ra1 Nd7 26. Ra6 Ra8 27. Rxa8 Rxa8 28. Bxc4 Nxc5 29. Bxd5 Nd3 30. Qxd3 exd5 31. Qxb5 Qxc3 32. Qxd5 Qxe1 33. Qxa8 Qxb4 34. Qd5 Kg8 35. Qe5 Qc3 36. Qe8+ Kg7 37. Qe4 Qc4 38. Qe5+ Kg8 39. d5 Qb5 40. Qd6 Qb1 41. Qe5 Qb5 42. Qd4 Qb7 43. Qc5 Qb1 44. d6 Qe4+ 45. Kf1 Qe6 46. Qc7 Qe5 47. Qe7 Qb5+ 48. Kg1 Qb1+ 49. Kg2 Qc2 50. d7 Qc6+ 51. Kh3 1-0


[Site "http://www.Chess.com"]

[Event "FIDE World Rapid Chess Championship 2021"]
[White "Jobava, Baadur"]
[Black "Gukesh, D"]
[WhiteFideId "13601520"]
[BlackFideId "46616543"]
[WhiteElo "2679"]
[BlackElo "2050"]
[Result "0-1"]
[Round "11"]
[TimeControl "900+10"]
[Date "2021.12.28"]
[WhiteClock "0:00:54"]
[BlackClock "0:00:26"]

1. d4 Nf6 2. c4 e6 3. Nc3 Bb4 4. e3 O-O 5. Bd3 c5 6. Ne2 d5 7. cxd5 cxd4 8. exd4 Nxd5 9. O-O Nc6 10. Qc2 h6 11. Bh7+ Kh8 12. Be4 Nce7 13. Rd1 Bd7 14. Qb3 Bc6 15. Nxd5 Nxd5 16. Qh3 Nf4 17. Nxf4 Bxe4 18. Nh5 Bf5 19. g4 Bc2 20. Bf4 Bxd1 21. Rxd1 Bd6 22. Bd2 Kg8 23. Nxg7 Kxg7 24. Qxh6+ Kg8 25. Re1 Re8 26. Bg5 Bf8 27. Qh4 Be7 28. Re5 Bxg5 29. Rxg5+ Kf8 30. d5 Ke7 31. Rg7+ Kd7 32. Rxf7+ Kc8 33. Qg3 Re7 34. Qc3+ Rc7 35. Rxc7+ Qxc7 36. dxe6 Qxc3 37. bxc3 Kd8 38. f4 Ke7 39. f5 Rc8 40. Kg2 Rxc3 41. h4 b5 42. h5 b4 43. h6 Kf6 44. h7 Rc8 45. Kf3 Ke5 46. e7 a5 47. Kg3 a4 48. Kh4 b3 49. axb3 axb3 50. Kg5 b2 51. f6 Ke6 52. Kh6 b1=Q 0-1


[Site "http://www.Chess.com"]

[Event "FIDE World Rapid Chess Championship 2021"]
[White "Cheparinov, Ivan"]
[Black "Firouzja, Alireza"]
[WhiteFideId "2905540"]
[BlackFideId "12573981"]
[WhiteElo "2621"]
[BlackElo "2656"]
[Result "1/2-1/2"]
[Round "11"]
[TimeControl "900+10"]
[Date "2021.12.28"]
[WhiteClock "0:07:03"]
[BlackClock "0:01:26"]

1. d4 Nf6 2. c4 g6 3. Nc3 Bg7 4. e4 d6 5. Nf3 O-O 6. Be2 e5 7. O-O Na6 8. Re1 c6 9. Be3 Qe7 10. c5 dxc5 11. dxe5 Ng4 12. Bg5 Qe8 13. Bxa6 bxa6 14. Na4 Nxe5 15. Nxc5 Nxf3+ 16. Qxf3 Qe5 17. Be3 Qxb2 18. a4 Qxa1 19. Rxa1 Bxa1 20. h4 h5 21. Qd1 Be5 22. Qc1 Rd8 23. Bf4 Bg7 24. Bh6 Bh8 25. Bg5 Re8 26. Bd2 Be6 27. Bc3 Bxc3 28. Qxc3 Rab8 29. Kh2 Rb1 30. Kg3 Bc8 31. f3 Rd1 32. Kf4 Rd6 33. Qa5 Re7 34. Qb4 f6 35. Nb7 Rdd7 36. Nc5 Rd8 37. Nxa6 Kf7 38. Nc5 Kg7 39. Qc3 Kf7 40. Qb4 Kg7 41. Qc3 Kf7 1/2-1/2


[Site "http://www.Chess.com"]

[Event "FIDE World Rapid Chess Championship 2021"]
[White "Niemann, Hans Moke"]
[Black "Salem, A.R. Saleh"]
[WhiteFideId "2093596"]
[BlackFideId "9301348"]
[WhiteElo "2327"]
[BlackElo "2729"]
[Result "0-1"]
[Round "11"]
[TimeControl "900+10"]
[Date "2021.12.28"]
[WhiteClock "0:02:46"]
[BlackClock "0:00:23"]

1. e4 c5 2. Nf3 Nc6 3. d4 cxd4 4. Nxd4 Nf6 5. Nc3 e5 6. Ndb5 d6 7. Nd5 Nxd5 8. exd5 Nb8 9. a4 Be7 10. Be2 O-O 11. O-O Nd7 12. Bd2 a6 13. Na3 a5 14. Nc4 b6 15. f4 exf4 16. Bxf4 Nc5 17. c3 f5 18. Be3 Ba6 19. Qc2 Bg5 20. Bd4 g6 21. b4 Bxc4 22. Bxc4 Nd7 23. Bb5 Bf6 24. Bf2 Rc8 25. Bc6 Ne5 26. b5 Ng4 27. Rae1 Be5 28. h3 Nxf2 29. Qxf2 Bxc3 30. Re6 Bb4 31. Kh1 f4 32. Re4 Bc5 33. Qe2 Qg5 34. Re7 Be3 35. Re6 Rc7 36. Qg4 Qxg4 37. hxg4 Bc5 38. Kh2 g5 39. Rf3 Rcf7 40. Be8 Rf6 41. Bh5 Bd4 42. Rd3 Be5 43. Kg1 Rc8 44. Rd1 Kf8 45. Kf2 Rc2+ 46. Kf3 Rc3+ 47. Kf2 Rxe6 48. dxe6 Ke7 49. Bf7 h6 50. Rh1 Rc2+ 51. Kf3 d5 52. Rd1 Rc3+ 53. Ke2 d4 54. Rh1 Re3+ 55. Kd2 Bd6 56. Bg6 Bb4+ 57. Kc2 Rc3+ 58. Kb2 Ba3+ 59. Ka2 Kxe6 60. Rxh6 Bc5 61. Be4+ Ke5 62. Bf3 d3 63. Rg6 Kd4 64. Rxg5 Kc4 65. Rf5 Ra3+ 66. Kb2 Rb3+ 67. Ka2 Kc3 68. Rxc5+ bxc5 69. g5 Rb2+ 70. Ka1 Rf2 71. b6 Rxf3 0-1


[Site "http://www.Chess.com"]

[Event "FIDE World Rapid Chess Championship 2021"]
[White "Karjakin, Sergey"]
[Black "Amin, Bassem"]
[WhiteFideId "14109603"]
[BlackFideId "10601457"]
[WhiteElo "2757"]
[BlackElo "2614"]
[Result "1-0"]
[Round "11"]
[TimeControl "900+10"]
[Date "2021.12.28"]
[WhiteClock "0:00:24"]
[BlackClock "0:00:20"]

1. e4 e5 2. Nf3 Nc6 3. Bc4 Nf6 4. d3 Bc5 5. c3 d6 6. O-O a6 7. a4 Ba7 8. Nbd2 O-O 9. h3 h6 10. Re1 Re8 11. b4 Be6 12. Bxe6 Rxe6 13. Bb2 Ne7 14. Nf1 Ng6 15. c4 Nh7 16. Ng3 Ng5 17. Nh2 Nf4 18. d4 a5 19. bxa5 Rg6 20. Ra3 exd4 21. Bc1 Nge6 22. Rf3 Qh4 23. Kh1 Nxh3 24. gxh3 Qxh3 25. Rg1 Qh4 26. Nf5 Rxg1+ 27. Qxg1 Qxe4 28. Nxh6+ Kf8 29. Nxf7 Ke8 30. Ng5 Nxg5 31. Qxg5 Kd7 32. Qxg7+ Kc6 33. Qg4 Qe1+ 34. Kg2 Re8 35. Bf4 Qxa5 36. Bg3 Re7 37. Rf5 Qxa4 38. Qf3+ Kd7 39. Ng4 Qxc4 40. Nf6+ Kc8 41. Nd5 Re8 42. Rf7 Qe2 43. Rxc7+ Kb8 44. Qxe2 Rxe2 45. Bxd6 d3 46. Rc3+ Ka8 47. Nc7+ 1-0


[Site "http://www.Chess.com"]

[Event "FIDE World Rapid Chess Championship 2021"]
[White "Dubov, Daniil"]
[Black "Ponkratov, Pavel"]
[WhiteFideId "24126055"]
[BlackFideId "4157800"]
[WhiteElo "2735"]
[BlackElo "2614"]
[Result "1-0"]
[Round "11"]
[TimeControl "900+10"]
[Date "2021.12.28"]
[WhiteClock "0:08:11"]
[BlackClock "0:11:41"]

1. d4 c5 2. d5 e5 3. e4 d6 4. Nc3 Be7 5. Bb5+ Nd7 6. a4 a6 7. Be2 Bg5 8. Bxg5 Qxg5 9. Nf3 Qxg2 10. Rg1 Qh3 11. Rxg7 Qh6 12. Rg1 Ne7 13. Qd2 Qxd2+ 14. Nxd2 Ng6 15. Nc4 Ke7 16. a5 Nf6 17. Ra3 Rb8 18. Rb3 Rd8 19. Rb6 Nf4 20. Kd2 h5 21. h4 Ng6 22. Rg5 Nxh4 23. Bxh5 Nxh5 24. Rxh5 Ng6 25. Rh6 Bg4 26. Ne3 Bd7 27. Nf5+ Bxf5 28. exf5 Nf4 29. f6+ Kd7 30. Rh7 Rf8 31. Ne4 Kc7 32. Rxd6 c4 33. Kc3 Rbc8 34. Kxc4 Kb8+ 35. Nc5 e4 36. Rd7 Ng6 37. Kd4 1-0


[Site "http://www.Chess.com"]

[Event "FIDE World Rapid Chess Championship 2021"]
[White "Mamedyarov, Shakhriyar"]
[Black "Van Foreest, Jorden"]
[WhiteFideId "13401319"]
[BlackFideId "1039784"]
[WhiteElo "2727"]
[BlackElo "2563"]
[Result "1/2-1/2"]
[Round "11"]
[TimeControl "900+10"]
[Date "2021.12.28"]
[WhiteClock "0:00:37"]
[BlackClock "0:01:12"]

1. d4 d5 2. c4 e6 3. Nc3 c5 4. cxd5 cxd4 5. Qxd4 Nc6 6. Qd1 exd5 7. Qxd5 Bd6 8. Nf3 Nf6 9. Qd1 O-O 10. g3 Qb6 11. Bg2 Rd8 12. Qa4 Bc5 13. O-O h6 14. Qb5 Qxb5 15. Nxb5 Bf5 16. Be3 Bxe3 17. fxe3 Be4 18. Nc3 Bh7 19. h3 Re8 20. Kf2 Be4 21. Rfd1 Re7 22. Rac1 Rae8 23. Nb5 Bd5 24. Nd6 Rd8 25. Nf5 Red7 26. a3 h5 27. Ke1 g6 28. N5d4 Kg7 29. Nxc6 Bxc6 30. Rxd7 Rxd7 31. Rc4 Re7 32. Nh4 Bd7 33. e4 Bc6 34. e5 Nd7 35. Bxc6 Nxe5 36. Bd5 Nxc4 37. Bxc4 Rc7 38. Bd5 Rc2 39. b3 Rc5 40. e4 Rc3 41. Kf2 Rc2+ 42. Kf3 b5 43. a4 Rc3+ 44. Kf2 Rc2+ 45. Kf3 Rc3+ 46. Kf2 Rc2+ 1/2-1/2


[Site "http://www.Chess.com"]